 Dungeon Crawl Stone Soup version 0.29.1-15-g9cfb28693d (webtiles) character file.

Game seed: 1189223436563630413

9538 denis1488 the Fighter (level 11, -3/104 HPs)
             Began as a Minotaur Fighter on Apr 2, 2023.
             Was an Elder of Okawaru.
             Killed by divine providence
             ... invoked by an orc priest
              (14 damage)
             ... on level 10 of the Dungeon.
             The game lasted 00:20:10 (7675 turns).

denis1488 the Fighter (Minotaur Fighter)            Turns: 7675, Time: 00:20:11

Health: -3/104     AC: 14    Str: 24    XL:     11   Next: 24%
Magic:  11/11      EV: 16    Int:  5    God:    Okawaru [****..]
Gold:   443        SH: 13    Dex: 17    Spells: 10/10 levels left

rFire   . . .      SeeInvis .   K - +3 hand axe
rCold   . . .      Faith    .   E - +1 kite shield {reflect}
rNeg    + . .      Spirit   .   D - +2 scale mail {rN+}
rPois   .          Reflect  +   S - +1 hat {Stlth+}
rElec   .          Harm     .   i - +1 cloak
rCorr   .          Rampage  .   (no gloves)
Will    .....                   t - +0 pair of boots
Stlth   +.........              q - amulet of regeneration
HPRegen 1.07/turn               v - +6 ring of dexterity
MPRegen 0.12/turn               H - +4 ring of evasion

@: no status effects
A: horns 2, retaliatory headbutt
a: Renounce Religion, Heroism, Finesse


You were on level 10 of the Dungeon.
You worshipped Okawaru.
Okawaru was greatly pleased with you.
You visited 2 branches of the dungeon, and saw 11 of its levels.

You collected 667 gold pieces.
You spent 224 gold pieces at shops.

Inventory:

Hand Weapons
 a - a +0 war axe
 A - a +0 flail of draining
 K - a +3 hand axe (weapon)
 N - the +10 long sword of the Doomed Warrior {flame, Str+3}
   (You found it on level 7 of the Dungeon)

   It burns those it strikes, dealing additional fire damage.
   Big, fiery blades are also staple armaments of hydra-hunters.
   Str:       It affects your strength (+3).
 O - the +6 mace of the Known World {holy, rElec Int+6}
   (You found it on level 7 of the Dungeon)

   It has been blessed by the Shining One to cause great damage to the undead
   and demons.
   Int:       It affects your intelligence (+6).
   rElec:     It insulates you from electricity.
 Q - a +5 whip of venom
Missiles
 r - 3 curare-tipped darts (quivered)
 z - 3 throwing nets
Armour
 i - a +1 cloak (worn)
 t - a +0 pair of boots (worn)
 D - a +2 scale mail of positive energy (worn)
 E - a +1 kite shield of reflection (worn)
 S - a +1 hat of stealth (worn)
Jewellery
 q - an amulet of regeneration (around neck)
 v - a +6 ring of dexterity (left hand)
 H - a +4 ring of evasion (right hand)
Wands
 b - a wand of flame (21)
 F - a wand of charming (12)
 M - a wand of roots (13)
 P - a wand of polymorph (12)
Scrolls
 e - a scroll of enchant weapon {unknown}
 f - 10 scrolls of identify {unknown}
 g - a scroll of blinking {unknown}
 j - a scroll of poison {unknown}
 k - 2 scrolls of vulnerability {unknown}
 l - 2 scrolls of magic mapping {unknown}
 n - 2 scrolls of acquirement {unknown}
 p - a scroll of amnesia {unknown}
 u - 2 scrolls of brand weapon {unknown}
 w - a scroll of torment {unknown}
 x - 5 scrolls of teleportation {unknown}
 y - a scroll of fear {unknown}
 B - a scroll of summoning {unknown}
 I - a scroll of butterflies {unknown}
 J - 2 scrolls of immolation {unknown}
 R - 3 scrolls of noise {unknown}
Potions
 c - a potion of brilliance {unknown}
 d - 4 potions of might
 h - 3 potions of mutation {unknown}
 m - 3 potions of heal wounds {unknown}
 o - 2 potions of magic {unknown}
 s - 5 potions of curing {unknown}
 C - 4 potions of degeneration {unknown}
 G - 2 potions of invisibility {unknown}
 L - a potion of lignification {unknown}
 T - a potion of haste {unknown}


   Skills:
 + Level 12.0 Fighting
 + Level 11.9 Axes
 + Level 7.7 Armour
 + Level 6.0 Dodging
 + Level 9.8 Shields
 + Level 1.7 Invocations


You had 10 spell levels left.
You didn't know any spells.
Your spell library contained the following spells:

 Spells                   Type           Power      Damage    Failure   Level
 Foxfire                  Conj/Fire      0%         2x1d4     95%         1
 Necrotise                Necr           0%         1d4       95%         1
 Scorch                   Fire           0%         2d5       99%         2
 Static Discharge         Conj/Air       0%         3-3/arc   99%         2
 Conjure Flame            Conj/Fire      0%         6-21      100%        3
 Inner Flame              Hex/Fire       0%         N/A       100%        3
 Ozocubu's Armour         Ice            0%         N/A       100%        3
 Vampiric Draining        Necr           0%         2d6       100%        3
 Flame Wave               Conj/Fire      0%         2d4       100%        4
 Agony                    Necr           0%         N/A       100%        5
 Freezing Cloud           Conj/Ice/Air   0%         6-21      100%        5
 Lightning Bolt           Conj/Air       0%         1d11      100%        5
 Metabolic Englaciation   Hex/Ice        0%         N/A       100%        5
 Ignition                 Fire           0%         3d3       100%        8
 Maxwell's Capacitive Co  Air            0%         ∞         100%        8
 Polar Vortex             Ice            0%         N/A       100%        9
 Simulacrum               Ice/Necr       Unusable   N/A       N/A         6

Dungeon Overview and Level Annotations

Branches:
Dungeon (10/15)            Temple (1/1) D:7            Lair (0/5) D:10
    Orc (0/2) D:10

Altars:
Ashenzari
Cheibriados
Dithmenos
Elyvilon
Fedhas
Gozag
Hepliaklqana
Kikubaaqudgha
Makhleb
Nemelex Xobeh
Okawaru
Qazlal
Sif Muna
Trog
Uskayaw
Xom
Yredelemnul
Zin
The Shining One

Shops:
D:4 =   D:5 *   D:9 [

Annotations:
D:5 3 runed translucent doors, Henri's ghost, novice SpAM
D:9 6 runed translucent doors


Innate Abilities, Weirdness & Mutations

You have a pair of horns on your head.
You reflexively headbutt those who attack you in melee.


Message History

The orc priest's wounds heal themselves!
Your Dodging skill increases to level 6!
You hit the orc priest.
The orc priest is moderately wounded.
The orc priest invokes the aid of Beogh against you.
You struggle to resist.
You barely miss the orc priest. You headbutt the orc priest!
You kill the orc priest!
Okawaru accepts your kill.
You slash the warg!
The warg is moderately wounded.
The warg misses you.
The howler monkey hoots and howls with incredible vigour!
You slash the warg!
You headbutt the warg, but do no damage.
The warg is heavily wounded.
The warg bites you!
* * * LOW HITPOINT WARNING * * *
You block the warg's attack.
You hit the warg.
The warg is heavily wounded.
You block the warg's attack.
Okay, then.
The warg bites you!
* * * LOW HITPOINT WARNING * * *
The howler monkey hoots and howls with incredible vigour!
The warg attacks as you move away! You block the warg's attack.
There is an open door here.
The warg attacks as you move away! You block the warg's attack.
You block the warg's attack. As you open the door, it creaks loudly!
The warg bites you.
* * * LOW HITPOINT WARNING * * *
The warg misses you. You furiously retaliate!
You headbutt the warg.
There is an open door here.
The warg attacks as you move away! The warg bites you but does no damage.
You block the warg's attack.
The orc priest calls down the wrath of Beogh upon you.
Beogh smites you!
You die...

..##### #..# #.....# ##.#
#####.### #.# ........#
###'####### ........###
#.........# ..........#
#.........#
........#.####.........#
...>....#....#.........#
........####.'..@.h....+
........# ###.........# !
........# #######o### ..
####.#### #.oo..# ... #....#
######h##### .... #.####
###..........# .....
.....####.....####.oo##.h...>
.....#.....8.....#...oh......
.)..)#...........#...##......


You could see a warg and an orc priest.

Vanquished Creatures
  Gastronok (D:8)
  2 two-headed ogres
  A troll (D:10)
  Sigmund (D:2)
  2 shadows (D:9)
  5 yaks (D:9)
  A wraith (D:8)
  3 steam dragons
  4 vampire mosquitoes (D:10)
  3 redbacks (D:9)
  A warg (D:10)
  A water moccasin (D:7)
  2 ice beasts (D:6)
  Duvessa (D:4)
  5 orc warriors
  A sky beast (D:6)
  2 ogres
  2 black bears
  4 centaurs
  3 bullfrogs
  2 kobold brigands
  A necrophage (D:5)
  A gnoll sergeant (D:8)
  5 scorpions
  7 wights
  Dowan (D:4)
  13 killer bees
  3 electric eels (D:7)
  7 orc priests
  2 hounds (D:5)
  4 iguanas
  10 orc wizards
  7 adders
  15 gnolls
  A white imp (D:5)
  A worm (D:4)
  3 dart slugs
  40 orcs
  4 ball pythons
  5 endoplasms
  A giant cockroach (D:2)
  14 goblins
  11 hobgoblins
  3 jackals (D:5)
  2 quokkas
  7 bats
  3 frilled lizards
  11 kobolds
  3 rats (D:1)
  A spectral orc (D:3)
233 creatures vanquished.

Vanquished Creatures (others)
  2 fungi (D:2)
  10 plants
12 creatures vanquished.

Grand Total: 245 creatures vanquished

Notes
Turn   | Place    | Note
-------+----------+-------------------------------------------
     0 | D:1      | denis1488 the Minotaur Fighter began the quest for the Orb.
     0 | D:1      | Reached XP level 1. HP: 19/19 MP: 0/0
   241 | D:1      | Reached XP level 2. HP: 27/27 MP: 1/1
   309 | D:1      | Reached skill level 4 in Fighting
   814 | D:2      | Noticed Sigmund
   829 | D:2      | Reached XP level 3. HP: 30/34 MP: 2/2
   943 | D:2      | Noticed an ogre
  1142 | D:3      | Reached XP level 4. HP: 14/41 MP: 3/3
  1157 | D:3      | Reached skill level 5 in Fighting
  1373 | D:3      | Got the Monograph on Combustion
  1449 | D:3      | Found a basalt altar of Yredelemnul.
  1995 | D:2      | Killed Sigmund
  1996 | D:2      | Reached skill level 6 in Fighting
  1996 | D:2      | Reached skill level 5 in Axes
  1996 | D:2      | Reached XP level 5. HP: 36/50 MP: 4/4
  1996 | D:2      | Reached XP level 6. HP: 41/57 MP: 5/5
  2100 | D:2      | Found a faded altar of an unknown god.
  2230 | D:4      | Reached skill level 7 in Fighting
  2269 | D:4      | Reached XP level 7. HP: 66/66 MP: 6/6
  2284 | D:4      | Found Jecekeasm's Jewellery Boutique.
  2553 | D:4      | Found a sparkling altar of Nemelex Xobeh.
  2657 | D:4      | Noticed Duvessa
  2662 | D:4      | Noticed Dowan
  2764 | D:4      | Killed Duvessa
  2765 | D:4      | Reached skill level 8 in Fighting
  2968 | D:4      | Killed Dowan
  3062 | D:5      | Entered Level 5 of the Dungeon
  3208 | D:5      | Found a snail-covered altar of Cheibriados.
  3306 | D:5      | Found Toolen's Assorted Antiques.
  3370 | D:5      | Found a runed translucent gate.
  3370 | D:5      | Found a runed translucent gate.
  3371 | D:5      | Found a runed translucent gate.
  3373 | D:5      | Noticed Henri's ghost (novice SpAM)
  3390 | D:5      | Reached XP level 8. HP: 69/75 MP: 7/7
  3739 | D:6      | Reached skill level 9 in Fighting
  3743 | D:6      | Reached skill level 5 in Shields
  4088 | D:6      | Reached XP level 9. HP: 71/85 MP: 8/8
  4103 | D:6      | Reached skill level 10 in Fighting
  4369 | D:6      | Found an opulent altar of Gozag.
  4573 | D:7      | Reached skill level 10 in Axes
  4650 | D:7      | Found a staircase to the Ecumenical Temple.
  4666 | D:7      | Identified the +10 long sword of the Doomed Warrior {flame,
                  | Str+3}
  4670 | Temple   | Entered the Ecumenical Temple
  4790 | Temple   | Became a worshipper of Warmaster Okawaru
  4876 | D:7      | Reached skill level 1 in Dodging
  5146 | D:7      | Identified the +6 mace of the Known World {holy, rElec
                  | Int+6}
  5414 | D:8      | Reached * piety under Okawaru
  5474 | D:8      | Noticed a two-headed ogre
  5482 | D:8      | Killed a two-headed ogre
  5483 | D:8      | Reached skill level 5 in Armour
  5613 | D:8      | Reached ** piety under Okawaru
  5682 | D:8      | Reached XP level 10. HP: 94/94 MP: 9/9
  5790 | D:8      | Noticed Gastronok
  5814 | D:8      | Killed Gastronok
  5815 | D:8      | Reached skill level 11 in Fighting
  6092 | D:8      | Found a hazy altar of Hepliaklqana.
  6315 | D:9      | Reached *** piety under Okawaru
  6513 | D:9      | Reached skill level 5 in Dodging
  6666 | D:9      | Found a runed translucent door.
  6771 | D:9      | Found Xofet's Antique Armour Shop.
  6788 | D:9      | Bought a glowing hat for 224 gold pieces
  6846 | D:9      | Noticed a two-headed ogre
  6857 | D:9      | Killed a two-headed ogre
  6857 | D:9      | Reached **** piety under Okawaru
  6960 | D:9      | Identified the +10 spear of Gluttony {flame, +Blink rN+
                  | Will++ Dex-5}
  7110 | D:9      | Reached XP level 11. HP: 104/104 MP: 10/10
  7144 | D:9      | Found a runed translucent gate.
  7148 | D:9      | Noticed a boulder beetle
  7212 | D:9      | Found a runed translucent gate.
  7213 | D:9      | Found a runed translucent gate.
  7213 | D:9      | Found a runed translucent gate.
  7213 | D:9      | Found a runed translucent gate.
  7213 | D:9      | Noticed a lindwurm
  7213 | D:9      | Noticed a boulder beetle
  7214 | D:9      | Found a runed translucent gate.
  7360 | D:10     | Entered Level 10 of the Dungeon
  7387 | D:10     | Reached skill level 1 in Invocations
  7591 | D:10     | Found a staircase to the Orcish Mines.
  7613 | D:10     | Found a staircase to the Lair.
  7647 | D:10     | Reached skill level 12 in Fighting
  7664 | D:10     | HP: 3/104 [warg (7)]
  7670 | D:10     | HP: 5/104 [warg (4)]
  7675 | D:10     | Killed from afar by an orc priest

Illustrated notes

Levels and vault maps discovered:
D:1:      lightli_molten_gateway, layout_loops_ring
D:2:      layout_rooms, shapermc_ecumenical_altar_acropolis,
          chequers_serial_rivers_small_3, nicolae_elevator_lobby_plus,
          uniq_sigmund
D:3:      layout_basic, yredelemnul_forgotten_temple_becter
D:4:      cheibrodos_greedy_goblins, layout_basic, lemuel_tele_altar,
          serial_shops, nicolae_shop_trees, abandoned_shop, minmay_distorted,
          uniq_duvessa
D:5:      layout_loops_ring, mainiacjoe_overflow_brackets,
          ebering_ghost_rock_garden, serial_shops, nicolae_shop_stone
D:6:      layout_loops_ring, mainiacjoe_overflow_alcove_4, nrook_mini_backslash
D:7:      layout_basic, minmay_temple_entry_offerings,
          chequers_serial_rivers_marsh, serial_bayou_lagoon_a
D:8:      layout_cave_pods, nicolae_hepliaklqana_hippocampus, uniq_gastronok
D:9:      gammafunk_indiana_jones, layout_loops_ring, serial_shops,
          nicolae_shop_crystal
D:10:     layout_roguey, gammafunk_temple_overflow_elements,
          nicolae_overflow_hidden_temple, erik_lair_orcish_takeover,
          david_orc_2, hellmonk_ghost_big_iron
Temple:   compressed_dpeg_circular_temple

Skill      XL: |  1  2  3  4  5  6  7  8  9 10 11 |
---------------+----------------------------------+-----
Shields        | 4 6 8 9 |  9.8
Fighting       | 4 6 7 8 9 10 11 12 | 12.0
Axes           | 3 5 6 8 9 10 11 | 11.9
Armour         | 5 7 |  7.7
Dodging        | 3 5 6 |  6.0
Invocations    | 1 |  1.7

Action                   |  1- 3 |  4- 6 |  7- 9 | 10-12 || total
-------------------------+-------+-------+-------+-------++-------
Melee: War axe           |    77 |    79 |   159 |       ||   315
       Headbutt          |     3 |    20 |    55 |    75 ||   153
       Hand axe          |       |       |   105 |   290 ||   395
Throw: Dart              |       |       |     6 |     3 ||     9
Invok: Heroism           |       |       |       |     1 ||     1
Evoke: Wand              |       |       |     1 |       ||     1
Armor: Scale mail        |    46 |    38 |   106 |    25 ||   215
Dodge: Dodged            |    36 |    33 |    89 |   117 ||   275
Block: Buckler           |    19 |    14 |    33 |       ||    66
       Kite shield       |       |       |    42 |   138 ||   180
       Reflection        |       |       |     2 |     6 ||     8
